 Dungeon Crawl Stone Soup version 0.27.1-1-g398f81649c (webtiles) character file.

Game seed: 13278524893515830610

334 funkygono the Firebug (level 6, -3/33 HPs)
             Began as a Gargoyle Fire Elementalist on Sept 15, 2021.
             Slain by an ogre (18 damage)
             ... on level 4 of the Dungeon.
             The game lasted 00:05:51 (3538 turns).

funkygono the Firebug (Gargoyle Fire Elementalist)  Turns: 3538, Time: 00:05:52

Health: -3/33      AC: 17    Str: 11    XL:     6   Next: 53%
Magic:  9/11       EV: 12    Int: 18    God:
Gold:   118        SH:  5    Dex: 10    Spells: 4/12 levels left

rFire    . . .     SeeInvis .   h - +0 whip (protect)
rCold    . . .     Faith    .   (no shield)
rNeg     + . .     Spirit   .   a - +0 robe
rPois    ∞         Reflect  +   (no helmet)
rElec    +         Harm     .   (no cloak)
rCorr    .         Rampage  .   (no gloves)
Will     .....                  (no boots)
Stlth    ++........             d - amulet of reflection
HPRegen  0.11/turn              f - +4 ring of protection
MPRegen  0.12/turn              (no ring)

@: under a protective aura
A: sickness immunity, AC +4, negative energy resistance 1, electricity
resistance, torment resistance 1, petrification resistance
a: no special abilities


You were on level 4 of the Dungeon.
You visited 1 branch of the dungeon, and saw 4 of its levels.

You collected 118 gold pieces.

Inventory:

Hand Weapons
 h - a +0 whip of protection (weapon)
 k - a +1 flail of holy wrath
Missiles
 b - 121 stones
Armour
 a - a +0 robe (worn)
 j - a +4 scale mail
Magical Staves
 c - a staff of cold
Jewellery
 d - an amulet of reflection (around neck)
 f - a +4 ring of protection (left hand)
Wands
 i - a wand of polymorph (2)
Potions
 e - a potion of ambrosia {unknown}
 g - a potion of degeneration {unknown}


   Skills:
 + Level 0.4 Fighting
 + Level 0.5 Maces & Flails
 + Level 1.7 Dodging
 - Level 2.1 Stealth
 * Level 3.9 Spellcasting
 * Level 3.3 Conjurations
 * Level 4.9 Fire Magic


You had 4 spell levels left.
You knew the following spells:

 Your Spells              Type           Power      Damage    Failure   Level
a - Foxfire               Conj/Fire      72%        2x1d7     2%          1
b - Conjure Flame         Conj/Fire      18%        6-21      9%          3
c - Sticky Flame          Conj/Fire      18%        2d4       26%         4

Your spell library contained the following spells:

 Spells                   Type           Power      Damage    Failure   Level
 Inner Flame              Hex/Fire       12%        N/A       16%         3
 Fireball                 Conj/Fire      9%         3d6       58%         5
 Iskenderun's Battlesphe  Conj           15%        2d7       71%         5
 Conjure Ball Lightning   Conj/Air       4%         3x3d6     100%        6
 Orb of Destruction       Conj           7%         9d3       100%        7


Dungeon Overview and Level Annotations

Branches:
Dungeon (4/15)
 Temple: D:4-7

Altars:
Nemelex Xobeh
Wu Jian
The Shining One


Innate Abilities, Weirdness & Mutations

You are immune to sickness and miasma.
Your stone body is resilient. (AC +4)
You are immune to poison.
You resist negative energy. (rN+)
You are resistant to electric shocks. (rElec)
You are resistant to unholy torment.
You are immune to petrification.


Message History

The foxfire hits the ogre but does no damage.
The foxfire hits the ogre.
The ogre is lightly wounded.
Casting: Foxfire (safe; 2% risk of failure)
Confirm with . or Enter, or press ? or * to list all spells.
You conjure some foxfire!
The foxfire hits the ogre.
The ogre is lightly wounded.
The foxfire hits the ogre.
The ogre is moderately wounded.
Casting: Foxfire (safe; 2% risk of failure)
Confirm with . or Enter, or press ? or * to list all spells.
You conjure some foxfire!
The foxfire hits the ogre.
The ogre is moderately wounded.
The foxfire hits the ogre.
The ogre is heavily wounded.
You hit the ogre.
Your weapon exudes an aura of protection.
The ogre is heavily wounded.
The ogre misses you.
You hit the ogre but do no damage.
The ogre is heavily wounded.
The ogre closely misses you.
You hit the ogre but do no damage.
The ogre is heavily wounded.
The ogre hits you with a +0 giant club!!
Ouch! That really hurt!
You hit the ogre.
The ogre is severely wounded.
The ogre barely misses you.
You barely miss the ogre.
The ogre is severely wounded.
You hit the ogre.
The ogre is severely wounded.
The ogre closely misses you.
You hit the ogre.
The ogre is almost dead.
The ogre hits you with a +0 giant club!!
Ouch! That really hurt!
You die...

######### #
#@O......
#####.#.#######
......#.###
#.....# ###.#.#
#.#.# #########
#.#.# ........#
#.#.#
####.###.#.#


You could see an ogre.

Vanquished Creatures
  Edmund (D:4)
  Natasha (thrice) (D:3)
  An orc wizard (D:3)
  4 adders
  3 orcs (D:3)
  6 ball pythons
  7 endoplasms
  A giant cockroach (D:2)
  5 goblins
  9 hobgoblins
  6 jackals (D:3)
  2 quokkas (D:3)
  6 bats
  6 frilled lizards
  8 kobolds
  9 rats
77 creatures vanquished.

Vanquished Creatures (others)
  240 foxfires
240 creatures vanquished.

Grand Total: 317 creatures vanquished

Notes
Turn   | Place    | Note
-------+----------+-------------------------------------------
     0 | D:1      | funkygono the Gargoyle Fire Elementalist began the quest
                  | for the Orb.
     0 | D:1      | Reached XP level 1. HP: 10/10 MP: 3/3
   207 | D:1      | Reached XP level 2. HP: 15/15 MP: 3/5
   861 | D:1      | Reached XP level 3. HP: 19/19 MP: 4/6
   865 | D:1      | Learned a level 3 spell: Conjure Flame
  1640 | D:2      | Reached XP level 4. HP: 24/24 MP: 4/8
  1679 | D:2      | Learned a level 4 spell: Sticky Flame
  1690 | D:2      | Found a glowing golden altar of the Shining One.
  2152 | D:3      | Reached skill level 4 in Fire Magic
  2347 | D:3      | Found a sparkling altar of Nemelex Xobeh.
  2534 | D:3      | Found an ornate altar of the Wu Jian Council.
  2794 | D:3      | Noticed Natasha
  2831 | D:3      | Killed Natasha
  2832 | D:3      | Reached XP level 5. HP: 28/28 MP: 7/9
  2886 | D:3      | Noticed Natasha
  2893 | D:3      | Killed Natasha
  3146 | D:3      | Noticed Natasha
  3151 | D:3      | Killed Natasha
  3404 | D:4      | Noticed Edmund
  3422 | D:4      | Killed Edmund
  3423 | D:4      | Reached XP level 6. HP: 24/33 MP: 1/11
  3538 | D:4      | Slain by an ogre

Illustrated notes

Levels and vault maps discovered:
D:1:      minmay_arrival_four_circles, layout_basic, grunt_decor_cap
D:2:      kennysheep_six_static_rooms, layout_loops_ring, basic_altar
D:3:      layout_loops_ring, nemelex_xobeh_ov_fountains_minmay,
          mainiacjoe_overflow_catwalk, serial_aquarium, aquarium_bridge_straight
          [aquarium_subvault_bridge, aquarium_subvault_balcony,
          aquarium_subvault_bridge, aquarium_subvault_wall], aquarium_window_2,
          aquarium_window_fake, aquarium_window_fake, aquarium_view_2f,
          aquarium_balcony_5a, chequers_mini_garden, uniq_natasha
D:4:      layout_basic, grunt_gozag_statues, minmay_temple_entry_large_hall,
          saegor_snake_ambush, uniq_edmund

Skill      XL: |  1  2  3  4  5 |
---------------+----------------+-----
Fire Magic     | 4 |  4.9
Conjurations   | 2 3 |  3.3
Spellcasting   | 3 |  3.9
Fighting       | |  0.4
Maces & Flails | |  0.5
Dodging        | |  1.7
Stealth        | |  2.1

Action                   |  1- 3 |  4- 6 || total
-------------------------+-------+-------++-------
Melee: Club              |     1 |       ||     1
       Whip              |       |    40 ||    40
 Cast: Foxfire           |    60 |    83 ||   143
  Use: Scroll            |       |     2 ||     2
Armor: Robe              |     3 |    12 ||    15
       Skin              |       |     1 ||     1
Dodge: Dodged            |     5 |    25 ||    30
Block: Other             |       |     1 ||     1
